 Dungeon Crawl Stone Soup version 0.23.2 (webtiles) character file.

Game seed: 10397982565350280710

2298 Arkr0n55 the Sneak (level 9, -7/68 HPs)
             Began as a Vampire Necromancer on June 11, 2019.
             Was an Initiate of Dithmenos.
             Killed from afar by an efreet (35 damage)
             ... with a fireball
             ... on level 7 of the Dungeon on June 13, 2019.
             The game lasted 02:22:13 (14369 turns).

Arkr0n55 the Sneak (Vampire Necromancer)           Turns: 14369, Time: 02:22:13

Health: -7/68      AC:  4    Str: 10      XL:     9   Next: 17%
Magic:  0/19       EV: 13    Int: 20      God:    Dithmenos [......]
Gold:   382        SH:  0    Dex:  7 (14) Spells: 7/22 levels left

rFire    . . .     SeeInvis +   g - +0 dagger
rCold    + . .     Gourm    .   (no shield)
rNeg     + + .     Faith    .   v - +0 robe {MR+}
rPois    +         Spirit   +   (no helmet)
rElec    .         Reflect  .   (no cloak)
rCorr    +         Harm     .   r - +1 pair of gloves
MR       +....                  (no boots)
Stlth    ++++......             i - amulet of guardian spirit
HPRegen  0.10/turn              b - ring of resist corrosion
MPRegen  0.16/turn              y - ring of see invisible

@: very slightly contaminated, regenerating slowly
A: fangs 3, see invisible, strong 1, unbreathing, evolution 1
a: Bat Form, Renounce Religion


You were on level 7 of the Dungeon.
You worshipped Dithmenos.
Dithmenos was noncommittal.
You were near bloodless.

You visited 2 branches of the dungeon, and saw 8 of its levels.

You collected 382 gold pieces.

Inventory:

Hand Weapons
 g - a +0 dagger (weapon)
 o - a +4 quarterstaff of chaos
Missiles
 f - a throwing net (quivered)
 n - 19 poisoned needles
Armour
 r - a +1 pair of gloves (worn)
 v - a +0 robe of magic resistance (worn)
 z - a +0 cloak
Jewellery
 b - a ring of resist corrosion (left hand)
 i - an amulet of guardian spirit (around neck)
 q - a cursed ring of wizardry {unknown}
 y - a ring of see invisible (right hand)
Wands
 c - a wand of iceblast (6)
 d - a wand of polymorph (5)
 l - a wand of flame (12)
Scrolls
 k - a scroll of identify
 m - 3 scrolls of enchant armour
 p - a scroll of noise
 s - a scroll of remove curse
 t - 2 scrolls of blinking
 w - a scroll of amnesia
 x - 2 scrolls of teleportation
Potions
 a - a potion of haste
 e - 2 potions of flight
 h - a potion of experience
 j - 2 potions of curing
 u - 2 potions of might
 A - a potion of lignification


   Skills:
 + Level 5.6 Fighting
 * Level 6.9 Short Blades
 + Level 3.1 Armour
 - Level 4.3 Dodging
 - Level 7.3 Stealth
 + Level 7.1 Spellcasting
 - Level 0.1 Conjurations
 + Level 0.7 Charms
 + Level 4.0 Summonings
 + Level 7.2 Necromancy


You had 7 spell levels left.
You knew the following spells:

 Your Spells              Type           Power        Failure   Level  Hunger
a - Pain                  Necr           ####         1%          1    None
b - Vampiric Draining     Necr           #####.....   1%          3    #......
c - Animate Skeleton      Necr           N/A          1%          1    None
d - Animate Dead          Necr           N/A          4%          4    ###....
e - Call Imp              Summ           ###.....     2%          2    None
f - Magic Dart            Conj           #...         9%          1    None
g - Regeneration          Chrm/Necr      ###.......   5%          3    #......

Your spell library contained the following spells:

 Spells                   Type           Power        Failure   Level  Hunger
 Sting                    Conj/Pois      #...         9%          1    None
 Blink                    Tloc           N/A          14%         2    None
 Poisonous Vapours        Pois/Air       #.....       14%         2    None
 Slow                     Hex            #.......     14%         2    None
 Conjure Flame            Conj/Fire      #.......     26%         3    #......
 Mephitic Cloud           Conj/Pois/Air  #.......     26%         3    #......
 Olgreb's Toxic Radiance  Pois           #.......     67%         4    ###....
 Venom Bolt               Conj/Pois      #.........   94%         5    #####..


Dungeon Overview and Level Annotations

Branches:
Dungeon (7/15)             Temple (1/1) D:5

Altars:
Ashenzari
Cheibriados
Dithmenos
Elyvilon
Fedhas
Gozag
Okawaru
Qazlal
Ru
Sif Muna
Trog
Vehumet
Wu Jian
Xom
Yredelemnul
Zin
The Shining One

Shops:
D:5 %   D:7 (

Annotations:
D:5 Blork the orc, Grinder
D:7 Kitkat's ghost, novice CeHu


Innate Abilities, Weirdness & Mutations

You heal slowly.
You have razor-sharp teeth.
You have supernaturally acute eyesight. (SInv)
You can survive without breathing.
Your muscles are strong. (Str +2)
You evolve.


Message History

You hear a shout!
You swap places.
The efreet gestures at you. The bolt of fire hits your crimson imp.
Your crimson imp completely resists.
The bolt of fire hits you!
Your crimson imp hits the efreet but does no damage.
Casting: Call Imp (safe; 2% risk of failure)
Confirm with . or Enter, or press ? or * to list all spells.
A beastly little devil appears in a puff of frigid air.
The efreet hits your crimson imp with a +0 scimitar of flaming!!
Your crimson imp dies!
Casting: Call Imp (safe; 2% risk of failure)
Confirm with . or Enter, or press ? or * to list all spells.
A shadowy apparition takes form in the air.
You swap places.
The efreet gestures at you.
The fireball explodes!
The fireball engulfs you!!!
Ouch! That really hurt!
You die...

##≈≈≈≈≈≈####(..(...# ##.#.#.#
#.......# ##########.....(.#
#.......##############
#######.# #.....>...
########## #.# #.#######.
#........# ####R#####.# #.
#.######.###.5........##### #.
#.###......5.@#...........# #.
#.##.#....##.....###..###.###.
#.#.###....#......##..........
#..## ##=........###.#5#...###
#.## #...#..#.## #..###...##
#..## ##..##..#.####.## #.5..#
###.###.#.##.........# #....#
##.#.##.###.#'###### ♣P...♣
##............## ♣♣P..♣


You could see an efreet, a friendly white imp and a friendly shadow imp.

Vanquished Creatures
  A hippogriff (D:7)
  An ice beast (D:7)
  A sky beast (D:5)
  A centaur (D:7)
  A bullfrog (D:7)
  A scorpion (D:4)
  A howler monkey (D:6)
  2 crimson imps
  2 hounds (D:6)
  An orc priest (D:5)
  An orc wizard (D:4)
  Crazy Yiuf (D:7)
  4 worker ants
  A killer bee zombie (D:6)
  2 hound zombies (D:6)
  A hound skeleton (D:7)
  10 gnolls
  10 adders
  A howler monkey skeleton (D:4)
  An ooze (D:4)
  2 adder zombies
  An adder skeleton (D:4)
  2 worms (D:4)
  4 dart slugs
  2 leopard geckos
  14 orcs
  5 giant cockroaches
  8 goblins
  6 hobgoblins
  12 jackals
  3 quokkas
  3 ball pythons
  12 bats
  13 frilled lizards
  A giant cockroach zombie (D:5)
  2 jackal skeletons
  7 kobolds
  A quokka zombie (D:6)
  7 rats
149 creatures vanquished.

Vanquished Creatures (collateral kills)
  An ogre (D:7)
1 creature vanquished.

Vanquished Creatures (others)
  A rat (D:1)
1 creature vanquished.

Grand Total: 151 creatures vanquished

Notes
Turn   | Place    | Note
-------+----------+-------------------------------------------
     0 | D:1      | Arkr0n55 the Vampire Necromancer began the quest for the
                  | Orb.
     0 | D:1      | Reached XP level 1. HP: 13/13 MP: 3/3
   749 | D:1      | Reached XP level 2. HP: 19/20 MP: 3/5
  1141 | D:1      | Reached skill level 5 in Necromancy
  1141 | D:1      | Reached XP level 3. HP: 8/25 MP: 0/6
  2218 | D:2      | Reached XP level 4. HP: 26/31 MP: 3/7
  2414 | D:2      | Found a transporter.
  2417 | D:2      | Found a transporter.
  2430 | D:2      | Found an ornate altar of the Wu Jian Council.
  2472 | D:2      | Learned a level 3 spell: Vampiric Draining
  2474 | D:2      | Learned a level 1 spell: Animate Skeleton
  4063 | D:3      | Reached XP level 5. HP: 33/36 MP: 4/9
  5269 | D:4      | Noticed a phantom
  6279 | D:5      | Entered Level 5 of the Dungeon
  6461 | D:4      | Reached XP level 6. HP: 26/42 MP: 1/12
  6948 | D:4      | Found a glowing golden altar of the Shining One.
  7958 | D:5      | Found Emuneogh's Food Boutique.
  8017 | D:5      | Noticed a sky beast
  8026 | D:5      | Killed a sky beast
  8026 | D:5      | Reached skill level 5 in Spellcasting
  8361 | D:5      | Found a staircase to the Ecumenical Temple.
  8384 | Temple   | Entered the Ecumenical Temple
  8593 | Temple   | Became a worshipper of Dithmenos the Shadowed
  8674 | D:5      | Noticed Grinder
  8675 | D:5      | Noticed Blork the orc
  8729 | D:5      | Found a sacrificial altar of Ru.
  8940 | D:6      | Reached XP level 7. HP: 37/47 MP: 8/14
  9112 | D:6      | Learned a level 4 spell: Animate Dead
  9417 | D:6      | Found a white marble altar of Elyvilon.
  9422 | D:6      | Reached skill level 1 in Fighting
  9728 | D:6      | Reached skill level 1 in Short Blades
  9886 | D:6      | Found a white marble altar of Elyvilon.
  9999 | D:6      | Learned a level 2 spell: Call Imp
 10071 | D:6      | Learned a level 1 spell: Magic Dart
 10906 | D:7      | Noticed a hippogriff
 12424 | D:6      | Reached skill level 5 in Fighting
 12424 | D:6      | Reached XP level 8. HP: 37/63 MP: 15/18
 12429 | D:6      | Gained mutation: Your muscles are strong. (Str +2) [potion
                  | of mutation]
 12429 | D:6      | Gained mutation: You evolve. [potion of mutation]
 12444 | D:7      | Found Poetied's Weapon Shop.
 12588 | D:7      | Reached XP level 9. HP: 35/68 MP: 10/19
 12608 | D:7      | Learned a level 3 spell: Regeneration
 12670 | D:7      | Found a radiant altar of Vehumet.
 13317 | D:7      | Found a runed translucent gate.
 13317 | D:7      | Found an opulent altar of Gozag.
 13409 | D:7      | Found a runed translucent gate.
 13409 | D:7      | Found a runed translucent gate.
 13410 | D:7      | Noticed Kitkat's ghost (novice CeHu)
 13412 | D:7      | Noticed an efreet
 13501 | D:7      | Found a runed translucent door.
 13502 | D:7      | Noticed Crazy Yiuf
 13512 | D:7      | Killed Crazy Yiuf
 13646 | D:7      | Found an iron altar of Okawaru.
 14369 | D:7      | Killed from afar by an efreet

Skill      XL: |  1  2  3  4  5  6  7  8 |
---------------+-------------------------+-----
Necromancy     | 5 6 7 |  7.2
Spellcasting   | 3 4 5 6 7 |  7.1
Dodging        | 4 |  4.3
Fighting       | 5 |  5.6
Short Blades   | 6 |  6.9
Armour         | 3 |  3.1
Stealth        | 7 |  7.3
Summonings     | 4 |  4.0
Conjurations   | |  0.1
Charms         | |  0.7

Action                   |  1- 3 |  4- 6 |  7- 9 || total
-------------------------+-------+-------+-------++-------
Melee: Unarmed           |     1 |       |       ||     1
       Hand axe          |    17 |     7 |       ||    24
       Dagger            |       |   105 |   346 ||   451
       Bite              |       |    10 |    17 ||    27
Throw: Throwing net      |       |       |     1 ||     1
 Cast: Pain              |    62 |   175 |    57 ||   294
       Animate Skeleton  |       |     5 |       ||     5
       Vampiric Draining |       |     1 |     8 ||     9
       Magic Dart        |       |       |    47 ||    47
       Animate Dead      |       |       |     2 ||     2
       Call Imp          |       |       |    14 ||    14
       Regeneration      |       |       |     4 ||     4
 Abil: End Transformatio |       |     5 |     3 ||     8
       Bat Form          |       |     5 |     3 ||     8
  Use: Potion            |     4 |    18 |    13 ||    35
       Scroll            |     2 |     9 |     4 ||    15
 Stab: Sleeping          |       |     1 |     2 ||     3
  Eat: Corpse            |       |     3 |     5 ||     8
Armor: Robe              |     5 |    51 |   121 ||   177
Dodge: Dodged            |    28 |   105 |   263 ||   396
